 Dungeon Crawl Stone Soup version 0.17.1-3-g152610e (webtiles) character file.

42 Naucratias the Firebug (level 3, -2/21 HPs)
             Began as an Octopode Fire Elementalist on Mar 3, 2016.
             Slain by a giant gecko (4 damage)
             ... on level 2 of the Dungeon.
             The game lasted 00:04:54 (939 turns).

Naucratias the Firebug (Octopode Fire Elementalist)  Turns: 939, Time: 00:04:54

Health: -2/21      AC:  1    Str:  7    XL:     3   Next: 56%
Magic:  2/6        EV: 12    Int: 18    God:
Gold:   67         SH:  0    Dex: 12    Spells: 2 memorised, 3 levels left

rFire  . . .     SeeInvis .     g - +0 short sword
rCold  . . .     Clarity  .     (no shield)
rNeg   . . .     SustAt   .     (helmet restricted)
rPois  .         Gourm    .     (no amulet)
rElec  .         Spirit   .     (no ring)
rCorr  .         Warding  .     (no ring)
rMut   .         Stasis   .     (no ring)
MR     .....                    (no ring)
Stlth  +++.......               (no ring)
                                (no ring)
                                (no ring)
                                (no ring)

@: not resistant to hostile enchantments, fairly stealthy
A: almost no armour, amphibious, 8 rings, constrict 8, camouflage 1, gelatinous
body 1
a: no special abilities


You were on level 2 of the Dungeon.
You were not hungry.

You visited 1 branch of the dungeon, and saw 2 of its levels.

You collected 67 gold pieces.

Inventory:

Hand Weapons
 g - a +0 short sword (weapon)
Missiles
 f - 11 poisoned needles
Scrolls
 c - a scroll of immolation {unknown}
 e - a scroll of remove curse {unknown}
 h - a scroll of identify {unknown}
Books
 a - a book of Flames

   Spells                             Type                      Level
   a - Flame Tongue                   Conjuration/Fire             1
   b - Throw Flame                    Conjuration/Fire             2
   c - Conjure Flame                  Conjuration/Fire             3
   d - Inner Flame                    Hexes/Fire                   3
   e - Sticky Flame                   Conjuration/Fire             4
   f - Fireball                       Conjuration/Fire             5
Comestibles
 b - a bread ration
 d - 2 fruits


   Skills:
 - Level 2.0 Dodging
 - Level 2.6 Stealth
 + Level 2.5 Spellcasting
 + Level 2.2 Conjurations
 + Level 3.4 Fire Magic


You had 3 spell levels left.
You knew the following spells:

 Your Spells              Type           Power        Failure   Level  Hunger
a - Flame Tongue          Conj/Fire      ##...        8%          1    #......
b - Conjure Flame         Conj/Fire      ##......     21%         3    ###....


Dungeon Overview and Level Annotations

Branches:
Dungeon (2/15)

Altars:


Innate Abilities, Weirdness & Mutations

You cannot wear most types of armour.
You are amphibious.
You can wear up to eight rings at the same time.
You can use your tentacles to constrict eight enemies at once.
Your skin changes colour to match your surroundings (Stealth).
Your rubbery body absorbs attacks (AC +1).


Message History

Confirm with . or Enter, or press ? or * to list all spells.
Aiming: Flame Tongue
Press: ? - help, Shift-Dir - straight line, f/p - kobold
Aim: a kobold, wielding a dagger The flame tongue misses the giant gecko.
The flame tongue hits the kobold.
You kill the kobold!
The giant gecko bites you.
* * * LOW HITPOINT WARNING * * *
The giant gecko bites you.
* * * LOW HITPOINT WARNING * * *
Casting: Flame Tongue
Confirm with . or Enter, or press ? or * to list all spells.
Aiming: Flame Tongue
Press: ? - help, Shift-Dir - straight line, f - giant gecko
Aim: a giant gecko (clinging)
The flame tongue hits the giant gecko.
The giant gecko is lightly wounded.
The giant gecko bites you.
You die...

#. #.#.......##.####..
.###.#....#####.#.....
..##.#.#.######.#.##.. #<
#.##............#.....
#..#.####..........#..###
## #..#.######.###### #..
##.##..#........# #.
##......#..#####.# #.
.#..........)l@...# #
............#####.#
............# #.#
............# #.#
.........#.## #..
...#...)# ## #.....####
#....## ##..<


You could see a giant gecko.

Vanquished Creatures
  Natasha (D:2)
  3 giant geckos
  3 hobgoblins
  4 kobolds
  A ball python (D:2)
  3 bats (D:1)
  A giant newt (D:1)
16 creatures vanquished.

Notes
Turn   | Place    | Note
--------------------------------------------------------------
     0 | D:1      | Naucratias the Octopode Fire Elementalist began the quest for the Orb.
     0 | D:1      | Reached XP level 1. HP: 11/11 MP: 3/3
   337 | D:1      | Reached XP level 2. HP: 17/17 MP: 3/5
   839 | D:2      | Noticed Natasha
   865 | D:2      | Killed Natasha
   865 | D:2      | Reached XP level 3. HP: 12/21 MP: 6/6
   870 | D:2      | Learned a level 3 spell: Conjure Flame
   939 | D:2      | Slain by a giant gecko

Action                   || total
-------------------------++-------
Melee: Short sword       ||    10
 Cast: Flame Tongue      ||    22
 Stab: Sleeping          ||     1
